cohdb
Replays
Latest Replays
All Replays
Popular Replays
Top Player Replays
Match Explorer
How It Works
Community
CoH3 Stats
Reddit
Sign in to upload your games and track your stats! →
Sign in with Steam
Match 45785402
Unlisted
Match 45785402
Overview
Messages
Build Orders
End
Construct Barracks
Engineer Squad
Selects Armored Battlegroup
Selects Veteran Crews
1⁄4-ton 4x4 Truck
Riflemen Squad
Riflemen Squad
Grenade Package
M1 Mortar Team
Mechanized Support Center
Construct Motor Pool
Selects Strength in Steel
Construct Medical Station
M8 Greyhound Armored Car
M3 75 mm Gun Motor Carriage
M1918 Browning Automatic Rifles
Riflemen Squad
Engineer Squad
Designate Forward Repair Station
M1 Anti-tank Gun Team
Riflemen Squad
M3 75 mm Gun Motor Carriage
Alc.Mit0Lu
Implacable
Blay3r
❖Yae Sakura❖
Callsign: "Clowndog Zulu"
Clowndog Kilo Papa 'Kpen'
DebaKLeTV
Clavis
0
0
Comments
sign in to comment!
No comments posted yet!